Map: [ESL] Inside and Out

Players

HateMe

  • Race: Zerg Zerg
  • Spawn Location: 1:00

Strange - Winner!

  • Race: Protoss Protoss
  • Spawn Location: 7:00

Event: DreamHack SC2 Masters 2022 Atlanta (Online)

VOD

Have the link to the VOD?

Description

Time

  • Played on: Sept. 29, 2022, 10:46 a.m.
  • Length: 18:06

All games in this series

Show
View Real Time Build Order
Export as new Build Order

HateMe Zerg 

Build Orders: Hatch First 

Get SALT Encoding   

  12  0:00  Drone  
  13  0:12  Overlord  
  13  0:17  Drone  
  14  0:31  Drone x2  
  16  0:48  Hatchery  
  15  0:51  Drone  
  15  0:55  Drone  
  17  0:59  Drone  
  18  1:09  Extractor  
  17  1:14  Spawning Pool  
  17  1:17  Drone  
  17  1:21  Drone  
  18  1:28  Drone  
  19  1:46  Drone  
  20  1:52  Drone  
  21  2:00  Queen x2, Overlord  
  25  2:01  Drone  
  26  2:11  Drone x2  
  26  2:13  Metabolic Boost  
  28  2:22  Zergling x4  
  30  2:33  Hatchery  
  30  2:36  Drone  
  30  2:39  Drone  
  30  2:43  Drone  
  32  2:44  Overlord  
  32  2:51  Queen  
  32  2:55  Drone  
  32  2:56  Drone  
  36  3:02  Queen  
  38  3:06  Overlord  
  38  3:08  Drone  
  38  3:11  Drone  
  38  3:12  Drone  
  41  3:13  Drone  
  41  3:16  Drone  
  41  3:18  Drone  
  44  3:22  Overlord  
  44  3:24  Drone  
  45  3:29  Queen  
  45  3:30  Drone  
  45  3:34  Spore Crawler  
  47  3:40  Drone x2  
  47  3:41  Evolution Chamber  
  48  3:44  Drone x2  
  50  3:48  Queen  
  52  3:58  Roach Warren  
  52  3:59  Queen  
  52  4:02  Overlord  
  53  4:15  Drone  
  54  4:17  Overlord  
  54  4:22  Overlord  
  54  4:28  Zergling x16  
  54  4:29  Zergling x6  
  65  4:38  Roach x4  
  65  4:42  Roach x2  
  65  4:44  Roach  
  75  4:55  Roach x2  
  75  4:56  Overlord x3  
  75  4:59  Zergling x2  
  77  5:05  Drone x3  
  80  5:11  Drone x2  
  82  5:14  Overlord  
  82  5:18  Spore Crawler  
  82  5:20  Drone x5  
  86  5:29  Drone x4  
  86  5:30  Drone  
  86  5:33  Zerg Melee Weapons Level 1  
  87  5:36  Drone x4  
  87  5:38  Drone x2  
  87  5:41  Drone x3  
  96  5:49  Extractor x2  
  98  5:50  Drone x4, Extractor  
  98  5:51  Extractor x2  
  95  5:59  Drone  
  95  6:00  Overlord x2  
  96  6:06  Lair  
  96  6:09  Hatchery  
  95  6:18  Drone x2  
  95  6:19  Drone x3  
  95  6:20  Drone  
  95  6:22  Overlord x2  
  95  6:24  Ravager  
  95  6:25  Ravager, Overlord  
  103  6:26  Roach x2  
  103  6:27  Roach  
  103  6:30  Roach  
  103  6:32  Roach  
  112  6:34  Roach  
  112  6:37  Ravager  
  112  6:38  Zergling x8  
  119  6:40  Roach  
  119  6:42  Roach  
  123  6:48  Roach x4  
  123  6:53  Drone x2  
  132  7:00  Baneling Nest, Drone x4  
  134  7:03  Drone  
  134  7:04  Drone x2  
  134  7:05  Glial Reconstitution  
  134  7:07  Overseer  
  137  7:09  Overlord  
  137  7:12  Drone x4  
  137  7:13  Drone  
  142  7:18  Drone x2  
  144  7:23  Overlord  
  144  7:26  Zergling x4  
  144  7:27  Zergling x2  
  147  7:31  Zerg Melee Weapons Level 2  
  147  7:32  Zergling x14  
  154  7:38  Infestation Pit  
  154  7:43  Centrifugal Hooks  
  153  7:45  Zergling x6  
  153  7:48  Overlord  
  153  7:49  Overlord  
  156  7:55  Zergling x10  
  161  8:02  Zergling x2, Hatchery  
  161  8:03  Zergling x14  
  168  8:09  Zergling x2  
  168  8:10  Zergling x12  
  175  8:13  Baneling x9  
  174  8:20  Hive  
  174  8:24  Overlord x3  
  174  8:26  Baneling x12  
  174  8:28  Zergling x4  
  176  8:36  Zergling x14  
  183  8:47  Evolution Chamber  
  182  8:54  Zergling x28  
  196  8:59  Baneling  
  196  9:00  Baneling x13  
  196  9:06  Zergling x2  
  196  9:07  Zergling x20  
  195  9:12  Zergling x2  
  196  9:19  Zergling x8  
  199  9:27  Zergling x12  
  196  9:35  Ravager  
  194  9:52  Baneling x5  
  187  9:53  Baneling x7  
  187  9:57  Zergling x26  
  190  10:12  Zergling x24  
  169  10:17  Roach  
  140  10:22  Roach x4  
  140  10:26  Roach  
  140  10:27  Roach x4  
  134  10:35  Roach x4  
  132  10:41  Roach x3  
  134  10:48  Viper  
  134  10:49  Viper x3  
  146  10:52  Drone x3  
  146  10:56  Drone x4  
  153  10:57  Drone  
  153  10:58  Drone, Hatchery  
  153  10:59  Zerg Ground Armor Level 1, Zerg Melee Weapons Level 3  
  154  11:04  Drone x4  
  154  11:09  Drone  
  159  11:13  Drone x2  
  159  11:18  Drone  
  162  11:20  Ravager x5  
  167  11:29  Spawning Pool  
  167  11:31  Roach x8  
  182  11:49  Ultralisk Cavern  
  182  11:52  Ravager x3  
  184  11:57  Overseer  
  183  12:18  Drone x3  
  183  12:26  Drone  
  183  12:27  Drone x4  
  187  12:35  Chitinous Plating  
  187  12:37  Ultralisk x2  
  199  12:47  Zergling x2  
  200  12:54  Pneumatized Carapace  
  200  13:03  Spore Crawler  
  200  13:04  Spine Crawler  
  197  13:05  Spine Crawler  
  197  13:06  Spine Crawler  
  189  13:12  Zerg Ground Armor Level 2  
  189  13:16  Spire  
  189  13:18  Drone x3, Extractor  
  189  13:19  Drone x2, Extractor  
  192  13:20  Drone  
  192  13:23  Ultralisk  
  196  13:45  Baneling x7  
  190  13:49  Ultralisk  
  190  13:53  Ultralisk  
  190  13:54  Anabolic Synthesis  
  190  14:04  Ultralisk  
  192  14:12  Drone x2  
  192  14:13  Drone, Spine Crawler  
  192  14:14  Ultralisk, Spine Crawler x2  
  198  14:22  Zergling x2  
  199  14:29  Greater Spire  
  194  14:33  Drone x2  
  194  14:34  Drone x3  
  197  14:56  Zergling x6  
  200  15:02  Overseer x4  
  180  15:22  Ultralisk  
  180  15:23  Ultralisk x2  
  180  15:27  Ultralisk x3  
  180  15:28  Zergling x40  
  178  15:29  Zergling x8  
  193  15:36  Ultralisk  
  199  15:47  Baneling x13  
  199  15:54  Overseer  
  199  15:56  Overseer  
  197  15:57  Overseer x2  
  197  15:59  Overseer  
  197  16:01  Zergling x4, Baneling  
  197  16:02  Zergling x8  
  199  16:05  Extractor  
  199  16:06  Drone  
  187  16:30  Zergling x2  
  187  16:31  Zergling x38  
  178  16:33  Zergling x2  
  178  16:34  Zergling x28  
  178  16:38  Zergling x36  
  178  16:39  Zergling x2  
  172  16:43  Zergling x10  
  177  16:52  Zergling x8  
  159  16:59  Ultralisk  
  137  17:04  Zergling x6  
  112  17:09  Ultralisk x4  
  112  17:12  Zergling x8  
  129  17:19  Baneling  
  129  17:20  Baneling x5  
  129  17:22  Zergling x8  
  126  17:24  Baneling x5  
  127  17:30  Zergling x2  
  127  17:34  Zergling x6  
  128  17:37  Zergling x6  
Show
View Real Time Build Order
Export as new Build Order

Strange Protoss - Winner!

Build Orders: 1 Gate Expand 

Get SALT Encoding   

  12  0:00  Probe  
  13  0:12  Probe  
  14  0:19  Pylon  
  14  0:24  Probe (Chrono Boost)  
  15  0:37  Gateway, Probe (Chrono Boost)  
  16  0:46  Probe (Chrono Boost), Assimilator  
  17  0:51  Probe  
  18  1:04  Probe  
  19  1:16  Probe  
  20  1:23  Nexus  
  20  1:32  Cybernetics Core  
  20  1:35  Probe  
  21  1:42  Assimilator  
  21  1:47  Probe  
  21  1:50  Pylon  
  22  1:59  Probe  
  23  2:06  Adept (Chrono Boost)  
  23  2:09  Warp Gate  
  23  2:11  Probe  
  26  2:20  Twilight Council  
  26  2:24  Probe (Chrono Boost)  
  26  2:28  Stalker  
  29  2:35  Probe (Chrono Boost)  
  29  2:36  Probe (Chrono Boost)  
  33  2:44  Probe x2 (Chrono Boost)  
  33  2:49  Probe (Chrono Boost)  
  33  2:50  Probe  
  35  2:59  Gateway  
  35  3:02  Gateway  
  35  3:04  Probe  
  36  3:06  Probe  
  36  3:09  Resonating Glaives (Chrono Boost)  
  36  3:10  Adept  
  39  3:17  Probe  
  39  3:18  Probe  
  41  3:24  Pylon  
  41  3:29  Probe  
  41  3:31  Robotics Facility  
  41  3:33  Probe  
  43  3:40  Pylon  
  44  3:41  Probe  
  44  3:45  Probe  
  44  3:47  Assimilator x2  
  45  3:53  Probe  
  46  3:57  Adept x2  
  46  3:58  Adept  
  46  3:59  Probe  
  53  4:02  Pylon  
  53  4:06  Probe  
  54  4:11  Probe  
  55  4:18  Probe  
  55  4:19  Adept x2  
  55  4:20  Adept  
  55  4:23  Observer  
  55  4:24  Probe  
  64  4:28  Pylon  
  64  4:33  Forge  
  64  4:39  Sentry x2  
  64  4:41  Sentry  
  70  4:49  Pylon  
  70  4:50  Immortal (Chrono Boost)  
  74  4:56  Probe x2  
  76  5:06  Protoss Ground Weapons Level 1 (Chrono Boost)  
  76  5:08  Probe  
  76  5:09  Probe  
  78  5:18  Immortal (Chrono Boost)  
  78  5:20  Probe  
  79  5:25  Pylon  
  83  5:32  Nexus  
  83  5:34  Sentry  
  85  5:39  Robotics Bay  
  85  5:42  Pylon x2  
  85  5:45  Pylon  
  85  5:48  Immortal (Chrono Boost)  
  89  5:52  Probe  
  89  5:56  Sentry  
  92  5:57  Sentry  
  92  5:58  Shield Battery  
  92  6:03  Gateway  
  94  6:04  Probe  
  94  6:05  Probe  
  96  6:16  Probe  
  96  6:17  Probe  
  98  6:25  Colossus (Chrono Boost)  
  98  6:28  Probe  
  98  6:29  Probe  
  98  6:30  Sentry  
  98  6:31  Extended Thermal Lance  
  108  6:35  Pylon  
  108  6:40  Probe, Assimilator  
  108  6:41  Probe  
  108  6:44  Assimilator  
  108  6:45  Probe  
  111  6:52  Probe  
  111  6:53  Probe  
  113  6:57  Blink  
  113  6:58  Probe  
  112  7:06  Colossus (Chrono Boost)  
  118  7:12  Gateway x2  
  118  7:14  Protoss Ground Weapons Level 2 (Chrono Boost)  
  118  7:15  Gateway  
  118  7:17  Probe, Gateway  
  118  7:20  Pylon  
  119  7:27  Stalker x2  
  119  7:29  Stalker  
  125  7:34  Shield Battery  
  125  7:40  Probe x3  
  125  7:42  Photon Cannon  
  128  7:52  Colossus (Chrono Boost)  
  128  7:57  Pylon  
  134  7:58  Sentry x2  
  134  7:59  Stalker x2  
  142  8:07  Nexus  
  142  8:11  Pylon  
  142  8:23  Sentry x2, Stalker  
  148  8:32  Sentry, Stalker x3  
  156  8:36  Warp Prism (Chrono Boost), Pylon  
  158  8:46  Zealot x3  
  164  8:54  Pylon  
  164  8:55  Charge (Chrono Boost)  
  164  8:56  Pylon  
  164  8:57  Zealot x2  
  164  8:58  Zealot x2  
  172  9:11  Shield Battery  
  172  9:13  Sentry x3  
  172  9:14  Sentry  
  180  9:18  Stalker x4  
  174  9:39  Zealot x4  
  174  9:42  Stalker x4  
  187  10:02  Zealot x4  
  153  10:18  Stalker x4  
  133  10:23  Colossus (Chrono Boost)  
  111  10:33  Sentry  
  95  10:41  Sentry x3  
  95  10:42  Stalker x3  
  99  10:43  Probe x2  
  99  10:46  Probe x2  
  97  10:54  Stalker  
  97  10:55  Probe x2  
  97  10:56  Gateway  
  99  10:58  Gateway  
  99  11:03  Colossus (Chrono Boost)  
  99  11:04  Photon Cannon  
  99  11:07  Probe x2  
  99  11:08  Stalker  
  109  11:12  Sentry  
  109  11:13  Stalker x5  
  109  11:15  Probe  
  109  11:16  Protoss Ground Weapons Level 3 (Chrono Boost)  
  109  11:17  Probe  
  123  11:20  Assimilator  
  123  11:23  Assimilator  
  123  11:26  Pylon  
  123  11:29  Probe  
  124  11:35  Adept x2  
  128  11:44  Colossus (Chrono Boost)  
  128  11:47  Templar Archives  
  128  11:51  Shield Battery, Photon Cannon  
  134  12:07  Psionic Storm  
  134  12:21  Immortal (Chrono Boost)  
  134  12:31  Gateway  
  134  12:33  High Templar x5, Pylon x2  
  142  12:38  Gateway  
  142  12:40  Pylon  
  142  12:45  Gateway  
  142  12:47  Pylon  
  142  12:51  Immortal (Chrono Boost)  
  146  12:53  Robotics Facility  
  146  12:54  Stalker x3  
  146  12:55  Robotics Facility  
  152  13:03  Photon Cannon  
  152  13:04  High Templar  
  152  13:05  Shield Battery  
  154  13:14  Dark Shrine  
  154  13:22  Photon Cannon  
  154  13:23  Photon Cannon  
  154  13:24  Immortal (Chrono Boost)  
  154  13:25  Pylon  
  155  13:38  Protoss Ground Armor Level 1 (Chrono Boost)  
  155  13:40  Immortal x2 (Chrono Boost)  
  163  13:53  High Templar x4  
  171  13:58  Archon x2, Immortal (Chrono Boost)  
  175  14:03  Zealot x6  
  187  14:13  Immortal  
  187  14:16  Immortal  
  193  14:29  Nexus  
  193  14:30  Pylon  
  186  14:32  High Templar x4  
  186  14:36  Archon x2  
  188  14:49  High Templar x2  
  188  14:50  Archon x4  
  188  14:51  Immortal (Chrono Boost)  
  192  14:53  Archon  
  200  15:02  Immortal (Chrono Boost)  
  200  15:06  Archon x2  
  179  15:26  Zealot x11  
  179  15:27  Zealot  
  189  15:28  Immortal (Chrono Boost)  
  189  15:34  Immortal (Chrono Boost)  
  197  15:46  Dark Templar  
  196  16:09  Zealot x4  
  196  16:10  Zealot x2  
  200  16:16  Assimilator  
  196  16:18  Assimilator  
  176  16:33  Archon  
  176  16:34  Archon  
  146  16:42  Stalker x10  
  146  16:45  Immortal x3 (Chrono Boost)  
  156  17:06  Zealot x5  
  156  17:07  Zealot x5  
  150  17:21  Immortal x2 (Chrono Boost)  
  158  17:27  High Templar x6  
  158  17:28  Zealot x3, High Templar  
  178  17:32  Archon x3  
  170  17:57  Stalker x3  
  158  18:02  Stalker x7  
Tags
 
Add a new tag
Caveats
  • Supply blocks, unpowered buildings, or Contaminate may cause inaccurate times.
  • Supply counts are checked every 10 seconds.